 Dungeon Crawl Stone Soup version 0.22-a0-305-gd21a89c (webtiles) character file.

280 Borgoz the Skirmisher (level 6, -2/55 HPs)
             Began as a Hill Orc Abyssal Knight on Mar 31, 2018.
             Was a Priest of Lugonu.
             Slain by an ogre
             ... wielding a +0 giant club
              (20 damage)
             ... on level 4 of the Dungeon.
             The game lasted 00:07:24 (3856 turns).

Borgoz the Skirmisher (Hill Orc Abyssal Knight)     Turns: 3856, Time: 00:07:24

Health: -2/55      AC:  4    Str: 15    XL:     6   Next: 27%
Magic:  9/9        EV: 12    Int: 12    God:    Lugonu [***...]
Gold:   152        SH:  0    Dex: 12    Spells: 5/5 levels left

rFire    . . .     SeeInvis .   a - +1 hand axe (elec)
rCold    . . .     Gourm    .   (no shield)
rNeg     . . .     Faith    .   k - +0 leather armour
rPois    +         Spirit   .   (no helmet)
rElec    .         Reflect  .   (no cloak)
rCorr    .         Harm     .   v - +0 pair of gloves
MR       .....                  (no boots)
Stlth    +.........             (no amulet)
HPRegen  0.18/turn              f - ring of poison resistance
MPRegen  0.11/turn              (no ring)

@: no status effects
A: no striking features
a: Depart the Abyss, Bend Space, Banish, Renounce Religion


You were on level 4 of the Dungeon.
You worshipped Lugonu.
Lugonu was most pleased with you.
You were very hungry.

You visited 1 branch of the dungeon, and saw 4 of its levels.
You visited the Abyss 1 time.

You collected 152 gold pieces.

Inventory:

Hand Weapons
 a - a +1 hand axe of electrocution (weapon)
 b - a +0 mace of draining
Missiles
 i - a throwing net (quivered)
Armour
 k - a +0 leather armour (worn)
 v - a +0 pair of gloves (worn)
Jewellery
 f - a ring of poison resistance (left hand)
Scrolls
 d - 3 scrolls of enchant weapon {unknown}
 e - 4 scrolls of identify {unknown}
 g - a scroll of random uselessness {unknown}
 j - 2 scrolls of noise {unknown}
 m - 2 scrolls of blinking {unknown}
 n - a scroll of teleportation {unknown}
 o - 3 scrolls of remove curse {unknown}
 q - 2 scrolls of enchant armour {unknown}
 s - a scroll of immolation {unknown}
Potions
 h - 2 potions of heal wounds {unknown}
 l - a potion of brilliance {unknown}
 p - a potion of flight {unknown}
 r - 3 potions of might {unknown}
 t - 2 potions of lignification {unknown}
 u - a potion of magic {unknown}
Comestibles
 c - 6 rations


   Skills:
 + Level 4.9 Fighting
 + Level 4.4 Axes
 + Level 3.5 Armour
 + Level 2.2 Dodging
 + Level 4.3 Invocations


You had 5 spell levels left.
You didn't know any spells.

Dungeon Overview and Level Annotations

Branches:
Dungeon (4/15)
 Temple: D:4-7

Altars:
Fedhas
Okawaru
Ru
Sif Muna
Uskayaw
Vehumet
Xom


Message History

You hit the worker ant.
Lightning courses through the worker ant!
You kill the worker ant!
Lugonu accepts your kill.
You barely miss the ogre.
The ogre is moderately wounded.
The ogre misses you.
You hit the ogre. Lightning courses through the ogre!
The ogre is almost dead.
The ogre hits you with a giant club!
You barely miss the ogre.
The ogre is almost dead.
The ogre barely misses you.
You hit the ogre.
The ogre is almost dead.
The ogre hits you with a giant club!
You hit the ogre.
The ogre is almost dead.
The ogre hits you with a giant club!!
You die...

#.. .8.8. #..
._.. .># ... #+
######.##.##.##
.............[#
..............#
..............#
........^.....#
...$...@#<#...#
......O.#######
.........
........##
........#
........#
#########


You could see an ogre.

Vanquished Creatures
  A scorpion (D:3)
  An orc wizard (D:3)
  A worker ant (D:4)
  A hound skeleton (D:2)
  Robin (D:2)
  2 adders (D:3)
  An ooze (D:3)
  2 worms
  4 dart slugs
  4 leopard geckos
  15 orcs (D:3)
  3 ball pythons
  13 hobgoblins
  4 jackals (D:3)
  12 bats
  7 frilled lizards
  15 goblins
  13 kobolds
  5 rats
105 creatures vanquished.

Notes
Turn   | Place    | Note
-------+----------+-------------------------------------------
     0 | Abyss:1  | Borgoz the Hill Orc Abyssal Knight began the quest for the Orb.
     0 | Abyss:1  | Reached XP level 1. HP: 19/19 MP: 2/2
   124 | Abyss:1  | Noticed a neqoxec
   125 | D:1      | Escaped the Abyss
   242 | D:1      | Reached * piety under Lugonu
   264 | D:1      | Reached skill level 1 in Dodging
   264 | D:1      | Reached XP level 2. HP: 20/27 MP: 3/3
   911 | D:1      | Reached XP level 3. HP: 31/33 MP: 5/5
  1685 | D:2      | Found a radiant altar of Vehumet.
  1805 | D:2      | Reached XP level 4. HP: 40/40 MP: 6/6
  1901 | D:2      | Noticed Robin
  1914 | D:3      | Reached ** piety under Lugonu
  2136 | D:2      | Killed Robin
  2394 | D:3      | Reached XP level 5. HP: 41/47 MP: 7/7
  2702 | D:3      | Reached *** piety under Lugonu
  3005 | D:3      | Found an iron altar of Okawaru.
  3005 | D:3      | Found a sacrificial altar of Ru.
  3007 | D:3      | Found a blossoming altar of Fedhas.
  3007 | D:3      | Found a hide-covered altar of Uskayaw.
  3235 | D:3      | Reached XP level 6. HP: 46/53 MP: 9/9
  3417 | D:3      | Found a shimmering altar of Xom.
  3844 | D:4      | Found a deep blue altar of Sif Muna.
  3856 | D:4      | Slain by an ogre

Vault maps used:
D:1:      shiori_arrival_oz, minmay_three_crescents
D:2:      marbit_many_paths, uniq_robin
D:3:      lemuel_doored_altar, grunt_temple_overflow_cloverleaf, first_ration
D:4:      led_sif_book, kennysheep_mini, lemuel_crystal_altar,
          lemuel_temple_firewalk_b, serial_shops, shop, uniq_edmund

Skill      XL: |  1  2  3  4  5 |
---------------+----------------+-----
Dodging        | 1 2 |  2.2
Axes           | 3 4 |  4.4
Fighting       | 4 |  4.9
Invocations    | 3 4 |  4.3
Armour         | 3 |  3.5

Action                   |  1- 3 |  4- 6 || total
-------------------------+-------+-------++-------
Melee: Hand axe          |    38 |   122 ||   160
       Mace              |    62 |     9 ||    71
Invok: Depart the Abyss  |     1 |       ||     1
 Stab: Sleeping          |     1 |       ||     1
  Eat: Chunk             |     3 |     5 ||     8
Armor: Leather armour    |    28 |    35 ||    63
Dodge: Dodged            |    72 |    92 ||   164

Table legend:
 A = Spawn XP
 B = Non-spawn XP
 C = Spawn XP percentage of total XP
 D = Spawn monster count
 E = Non-spawn monster count
 F = Spawn count percentage of total count
 G = Total turns spent on level
                    A         B        C        D         E        F      G
               +---------+---------+-------+---------+---------+-------+---------
         Total |       0 |     400 |   0.0 |       0 |     105 |   0.0 |  3856
               +---------+---------+-------+---------+---------+-------+---------
           D:1 |       0 |      52 |   0.0 |       0 |      29 |   0.0 |  1345
           D:2 |       0 |      84 |   0.0 |       0 |      29 |   0.0 |   618
           D:3 |       0 |     232 |   0.0 |       0 |      46 |   0.0 |  1756
           D:4 |       0 |      32 |   0.0 |       0 |       1 |   0.0 |    12
               +---------+---------+-------+---------+---------+-------+---------
